 Dungeon Crawl Stone Soup version 0.25.0-1-g7eea58d (webtiles) character file.

Game seed: 2944483199802708903

5667 malesh the Fighter (level 10, -16/88 HPs)
             Began as a Barachi Fighter on June 15, 2020.
             Was an Elder of Cheibriados.
             Demolished by Snorg (22 damage)
             ... on level 10 of the Dungeon.
             The game lasted 00:37:01 (12085 turns).

malesh the Fighter (Barachi Fighter)               Turns: 12085, Time: 00:37:02

Health: -16/88     AC: 13    Str: 29    XL:     10   Next: 75%
Magic:  2/13       EV: 10    Int: 19    God:    Cheibriados [****..]
Gold:   524        SH:  6    Dex: 23    Spells: 7/9 levels left

rFire    . . .     SeeInvis .   A - +2 long sword (freeze)
rCold    . . .     Gourm    .   l - +0 buckler
rNeg     . . .     Faith    .   j - +1 scale mail {rPois}
rPois    +         Spirit   .   (no helmet)
rElec    .         Reflect  .   h - +0 cloak
rCorr    .         Harm     .   g - +0 pair of gloves {archery}
MR       .....                  E - +0 pair of boots
Stlth    +.........             (no amulet)
HPRegen  0.24/turn              (no ring)
MPRegen  0.13/turn              (no ring)

@: very slow
A: +LOS, swims, slowness 1, strong legs 1
a: Hop, Bend Time, Temporal Distortion, Slouch, Renounce Religion


You were on level 10 of the Dungeon.
You worshipped Cheibriados.
Cheibriados was greatly pleased with you.
You were hungry.

You visited 2 branches of the dungeon, and saw 11 of its levels.

You collected 524 gold pieces.

Inventory:

Hand Weapons
 A - a +2 long sword of freezing (weapon)
Armour
 g - a +0 pair of gloves of archery (worn)
 h - a +0 cloak (worn)
 j - a +1 scale mail of poison resistance (worn)
 l - a +0 buckler (worn)
 E - a +0 pair of boots (worn)
Jewellery
 q - an uncursed ring of magical power
 x - an uncursed amulet of guardian spirit
Wands
 m - a wand of acid (6)
 o - a wand of flame (30)
 u - a wand of polymorph (11)
 v - a wand of digging (3)
Scrolls
 a - a scroll of magic mapping
 e - 2 scrolls of fear
 k - 2 scrolls of teleportation
 w - 3 scrolls of enchant weapon
 B - a scroll of torment {unknown}
 C - 2 scrolls of amnesia
 D - a scroll of vulnerability {unknown}
Potions
 b - a potion of resistance
 n - a potion of magic
 p - a potion of brilliance
 r - 4 potions of curing
 s - 3 potions of heal wounds
 t - a potion of lignification
Comestibles
 f - 16 rations


   Skills:
 * Level 11.3 Fighting
 * Level 11.1 Long Blades
 + Level 8.6 Armour
 - Level 4.0 Shields
 + Level 1.2 Translocations
 + Level 5.0 Invocations


You had 7 spell levels left.
You knew the following spells:

 Your Spells              Type           Power        Failure   Level  Hunger
a - Blink                 Tloc           N/A          36%         2    ###....

Your spell library contained the following spells:

 Spells                   Type           Power        Failure   Level  Hunger
 Animate Skeleton         Necr           N/A          36%         1    ##.....
 Magic Dart               Conj           #...         36%         1    ##.....
 Pain                     Necr           #...         36%         1    ##.....
 Call Imp                 Summ           #.......     52%         2    ###....
 Slow                     Hex            #.......     52%         2    ###....
 Conjure Flame            Conj/Fire      #.......     75%         3    ####...
 Mephitic Cloud           Conj/Pois/Air  #.......     75%         3    ####...
 Vampiric Draining        Necr           #.........   75%         3    ####...
 Animate Dead             Necr           N/A          98%         4    #####..
 Agony                    Necr           #.......     100%        5    ######.


Dungeon Overview and Level Annotations

Branches:
Dungeon (10/15)            Temple (1/1) D:4
   Lair: D:8-11         Orc: D:9-12

Altars:
Ashenzari
Cheibriados
Dithmenos
Elyvilon
Fedhas
Gozag
Hepliaklqana
Kikubaaqudgha
Makhleb
Nemelex Xobeh
Okawaru
Qazlal
Ru
Sif Muna
Trog
Uskayaw
Vehumet
Wu Jian
Xom
Yredelemnul
Zin
The Shining One

Shops:
D:4 (   D:8 }

Annotations:
D:6 exclusion: door
D:8 2 transporters, brinewave's ghost, novice MiMo
D:9 3 runed translucent doors, PublicAnimeNo1's ghost, novice FoFi; miscthings's ghost, novice GrMo
D:10 Snorg


Innate Abilities, Weirdness & Mutations

You can be seen from farther away. (+LOS)
You can swim through water.
You cover ground slowly.
You can hop short distances.


Message History

Cheibriados lowers the support of your attributes as your movement quickens.
Snorg goes berserk!
You hit Snorg. You freeze Snorg.
Snorg is moderately wounded.
You block Snorg's attack. Snorg claws you. x2
The flow of time bends around you.
Snorg resists with some effort.
You feel slightly more hungry. Snorg bites you!
Snorg claws you but does no damage. x2; Snorg bites you!!
* * * LOW HITPOINT WARNING * * *
You block Snorg's attack. Snorg claws you!
* * * LOW HITPOINT WARNING * * *
You feel much better. You block Snorg's attack. Snorg claws you!
Snorg claws you!!
* * * LOW HITPOINT WARNING * * *
You slash Snorg! You freeze Snorg.
Snorg is moderately wounded.
Snorg bites you but does no damage. Snorg claws you!
* * * LOW HITPOINT WARNING * * *
Snorg barely misses you. Snorg bites you!!
You die...

#.....#'####....####.
#.....#..............
#.....#####..####'#..
#.........#..#....#..
#.........#..#....#..
#.........#..#....#..
#.........#..#....#..
#.........#..#....#..
#..T@....##..#..###..
#..).....#...####....
#.#####..#...........
#.# #..#...........
#.# #..#..........#
..# #..#..........#
..# #..#..........#
...# #..#...####'#.#
... #..#...#....#.#


You could see Snorg (berserk).

Vanquished Creatures
  A two-headed ogre (D:10)
  Maurice (D:10)
  A hippogriff (D:5)
  2 wyverns
  A soldier ant (D:9)
  2 water moccasins
  A sky beast (D:9)
  3 orc warriors (D:10)
  3 ice beasts
  A black bear (D:8)
  2 ogres
  A phantom (D:5)
  2 centaurs (D:8)
  4 bullfrogs
  A wyvern zombie (D:10)
  4 scorpions
  A water moccasin skeleton (D:5)
  A howler monkey (D:4)
  13 wights
  2 crimson imps
  2 gnoll shamans
  9 orc priests
  2 hounds
  4 jellies
  A centaur skeleton (D:9)
  2 iguanas
  13 orc wizards
  7 worker ants
  A hound zombie (D:5)
  A hound skeleton (D:8)
  A howler monkey zombie (D:10)
  11 gnolls
  7 adders
  2 shadow imps (D:9)
  6 oozes
  An adder skeleton (D:9)
  An adder zombie (D:7)
  3 worms
  7 leopard geckos
  41 orcs
  3 ball pythons
  5 bats
  7 giant cockroaches
  4 goblins
  5 hobgoblins
  12 jackals
  5 kobolds
  A quokka (D:7)
  3 frilled lizards (D:1)
  2 jackal skeletons (D:5)
  A jackal zombie (D:2)
  A quokka zombie (D:5)
  4 rats
222 creatures vanquished.

Vanquished Creatures (others)
  5 dream sheep (D:3)
  A withered plant (D:9)
6 creatures vanquished.

Grand Total: 228 creatures vanquished

Notes
Turn   | Place    | Note
-------+----------+-------------------------------------------
     0 | D:1      | malesh the Barachi Fighter began the quest for the Orb.
     0 | D:1      | Reached XP level 1. HP: 18/18 MP: 1/1
   398 | D:1      | Reached XP level 2. HP: 25/25 MP: 2/2
   756 | D:2      | Found a blossoming altar of Fedhas.
   847 | D:1      | Reached XP level 3. HP: 17/30 MP: 3/3
  1678 | D:2      | Reached XP level 4. HP: 30/38 MP: 4/4
  1776 | D:3      | Found an opulent altar of Gozag.
  2072 | D:3      | Found a sacrificial altar of Ru.
  2195 | D:3      | Reached skill level 5 in Fighting
  2207 | D:3      | Reached XP level 5. HP: 40/44 MP: 5/5
  2744 | D:3      | Noticed a dream sheep
  2744 | D:3      | Noticed a dream sheep
  2744 | D:3      | Noticed a dream sheep
  2744 | D:3      | Noticed a dream sheep
  2744 | D:3      | Noticed a dream sheep
  2744 | D:3      | Found a shimmering altar of Xom.
  2746 | D:3      | Killed a dream sheep
  2746 | D:3      | Killed a dream sheep
  2746 | D:3      | Killed a dream sheep
  2746 | D:3      | Killed a dream sheep
  2746 | D:3      | Killed a dream sheep
  2746 | D:3      | Reached skill level 5 in Long Blades
  2746 | D:3      | Reached XP level 6. HP: 42/51 MP: 6/6
  3006 | D:3      | Found a shimmering blue altar of Sif Muna.
  3255 | D:4      | Found Taedeff's Weapon Shop.
  3280 | D:4      | Reached skill level 5 in Armour
  3473 | D:4      | Found a staircase to the Ecumenical Temple.
  3484 | Temple   | Entered the Ecumenical Temple
  3603 | Temple   | Became a worshipper of Cheibriados the Contemplative
  4373 | D:5      | Entered Level 5 of the Dungeon
  4484 | D:5      | Noticed a phantom
  4492 | D:5      | Killed a phantom
  4492 | D:5      | Reached XP level 7. HP: 45/59 MP: 7/7
  4564 | D:5      | Noticed a hippogriff
  4577 | D:5      | Killed a hippogriff
  4577 | D:5      | Reached skill level 1 in Invocations
  4866 | D:5      | Reached XP level 8. HP: 67/67 MP: 9/9
  4898 | D:5      | Reached * piety under Cheibriados
  6530 | D:5      | Reached ** piety under Cheibriados
  6611 | D:6      | Found an ancient bone altar of Kikubaaqudgha.
  6788 | D:6      | Found a burning altar of Makhleb.
  6937 | D:6      | Found an ornate altar of the Wu Jian Council.
  7305 | D:7      | Reached XP level 9. HP: 58/75 MP: 11/11
  7986 | D:8      | Found Fett's Gadget Boutique.
  8679 | D:8      | Reached *** piety under Cheibriados
  8997 | D:8      | Found a transporter.
  8998 | D:8      | Noticed brinewave's ghost (novice MiMo)
  9000 | D:8      | Identified the +0 dire flail of Jireinin {protect, rPois
                  | Str+4}
  9000 | D:8      | Identified the cursed +1 dire flail of the Lost Stories
                  | {vorpal, *Drain +Fly rPois rC+++}
  9000 | D:8      | Noticed a two-headed ogre
  9033 | D:8      | Found a transporter.
  9220 | D:8      | Found a glowing golden altar of the Shining One.
  9677 | D:9      | Found a white marble altar of Elyvilon.
  9707 | D:9      | Reached skill level 10 in Fighting
  9858 | D:9      | Found a runed translucent gate.
  9858 | D:9      | Found a runed translucent gate.
  9858 | D:9      | Found a runed translucent gate.
  9916 | D:9      | Reached **** piety under Cheibriados
  9934 | D:9      | Reached skill level 10 in Long Blades
  9934 | D:9      | Reached XP level 10. HP: 64/85 MP: 13/13
 10612 | D:9      | Noticed miscthings's ghost (novice GrMo)
 10612 | D:9      | Noticed miscthings's ghost (novice GrMo)
 10612 | D:9      | Noticed PublicAnimeNo1's ghost (novice FoFi)
 10641 | D:10     | Entered Level 10 of the Dungeon
 10667 | D:10     | Noticed a two-headed ogre
 10672 | D:10     | Killed a two-headed ogre
 11161 | D:10     | Learned a level 2 spell: Blink
 11617 | D:10     | Reached ***** piety under Cheibriados
 11724 | D:10     | Noticed Maurice
 12078 | D:10     | Noticed Snorg
 12081 | D:10     | Killed Maurice
 12081 | D:10     | Reached skill level 1 in Translocations
 12081 | D:10     | Reached skill level 5 in Invocations
 12085 | D:10     | Demolished by Snorg

Illustrated notes

Levels and vault maps discovered:
D:1:      dpeg_arrival_connections, layout_loops_ring,
          wander_ebering_terrifying_dragon_lair
D:2:      layout_rooms, fedhas_altar_2
D:3:      layout_basic, nicolae_ru_great_annihilating_truth,
          lemuel_blue_sif_altar, overflow_temple_1_default,
          kb_xom_exploding_sheep
D:4:      layout_loops_cross, minmay_temple_entry_antechambers, first_ration,
          serial_shops, nicolae_shop_statue_plus, lemuel_flame_loot_1
D:5:      layout_gridville
D:6:      layout_rooms, makhleb_heckhound_becter, kennysheep_mini,
          marbit_many_paths, kennysheep_generic_room_4
D:7:      layout_rooms, bh_walls_and_bars
D:8:      layout_cave_pools, tso_altar, serial_shops, shop_fountains,
          gammafunk_ghost_smash, hangedman_little_slice_of_home
D:9:      layout_irregular_city, lemuel_crystal_altar, gammafunk_ghost_cemetery
D:10:     layout_irregular_city, uniq_maurice, uniq_snorg
Temple:   nicolae_temple_figure_eight

Skill      XL: |  1  2  3  4  5  6  7  8  9 10 |
---------------+-------------------------------+-----
Fighting       | 4 5 6 7 8 10 11 | 11.3
Long Blades    | 3 4 5 6 8 10 11 | 11.1
Armour         | 4 5 6 7 8 |  8.6
Invocations    | 1 2 4 5 |  5.0
Shields        | 4 |  4.0
Translocations | 1 |  1.2

Action                   |  1- 3 |  4- 6 |  7- 9 | 10-12 || total
-------------------------+-------+-------+-------+-------++-------
Melee: Long sword        |   136 |   171 |   448 |   143 ||   898
Invok: Bend Time         |       |       |     2 |     5 ||     7
       Slouch            |       |       |       |     1 ||     1
 Abil: Hop               |       |       |       |     1 ||     1
  Use: Potion            |     2 |       |     2 |     3 ||     7
       Scroll            |       |     9 |     2 |     2 ||    13
 Stab: Paralysed         |       |     2 |       |       ||     2
       Distracted        |       |       |     1 |       ||     1
  Eat: Chunk             |     3 |    10 |    11 |     3 ||    27
Armor: Scale mail        |    61 |    89 |   196 |    66 ||   412
Dodge: Dodged            |    55 |    42 |   170 |    46 ||   313
Block: Kite shield       |    86 |    82 |   119 |       ||   287
       Buckler           |       |       |    60 |    41 ||   101
       Rpst.: Long sword |    13 |    12 |    43 |    11 ||    79
